 Dungeon Crawl Stone Soup version 0.31-a0-221-gbddc013574 (webtiles) character file.

Game seed: 6757980461090331392

131 qw the Chopper (level 5, -3/32 HPs)
             Began as a Gargoyle Fighter on July 4, 2023.
             Slain by an orc priest
             ... wielding a +0 trident
              (7 damage)
             ... on level 3 of the Dungeon.
             The game lasted 00:00:54 (2198 turns).

qw the Chopper (Gargoyle Fighter)                   Turns: 2198, Time: 00:00:55

Health: -3/32      AC: 14    Str: 21    XL:     5   Next: 14%
Magic:  5/5        EV:  9    Int:  9    God:
Gold:   34         SH:  4    Dex:  9    Spells: 4/4 levels left

rFire   . . .        Y - +0 war axe
rCold   . . .        c - +0 buckler
rNeg    + . .        b - +0 scale mail
rPois   inf          (no helmet)
rElec   +            (no cloak)
rCorr   .            a - +2 pair of gloves {Stlth+}
SInv    .            (no boots)
Will    .....        (no amulet)
Stlth   +            (no ring)
HPRegen 0.25/turn    (no ring)
MPRegen 0.09/turn

%: no passive effects
@: no status effects
A: sickness immunity, AC +4, negative energy resistance 1, electricity
resistance, torment resistance 1, petrification resistance
a: no special abilities


You were on level 3 of the Dungeon.
You visited 1 branch of the dungeon, and saw 3 of its levels.

You collected 34 gold pieces.


Innate Abilities, Weirdness & Mutations

You are immune to sickness and miasma.
Your stone body is resilient. (AC +4)
You are immune to poison.
You resist negative energy. (rN+)
You are resistant to electric shocks. (rElec)
You are resistant to unholy torment.
You are immune to petrification.


   Skills:
 - Level 3.2 Fighting
 + Level 4.7 Axes
 - Level 3.2 Armour
 - Level 3.2 Shields


You had 4 spell levels left.
You didn't know any spells.
Your spell library was empty.

Inventory:

Hand Weapons
 h - a +0 club
 Y - a +0 war axe (weapon)
Armour
 a - a +2 pair of gloves of stealth (worn)
 b - a +0 scale mail (worn)
 c - a +0 buckler (worn)
Scrolls
 g - a scroll of enchant armour
Potions
 d - a potion of might
 f - a potion of brilliance {unknown}
 i - a potion of lignification {unknown}
 j - a potion of curing {unknown}
 l - a potion of attraction {unknown}

Dungeon Overview and Level Annotations

Branches:
Dungeon (3/15)

Altars:

Shops:
D:3 [:


Message History

The orc shouts!
An orc priest comes into view. It is wielding a +0 dagger.
An orc comes into view. It is wielding a +0 short sword.
Enter note: The orc shouts!
You hit the orc.
The orc is severely wounded.
The orc hits you but does no damage.
An orc priest comes into view. It is wielding a +0 trident.
You hit the orc.
You kill the orc!
The orc priest looks braver for a moment.
The orc hits you but does no damage.
You hit the orc.
The orc is heavily wounded.
The orc priest begins to cast a cantrip, but forgets the words!
The orc hits you but does no damage.
You slash the orc!
You kill the orc!
You barely miss the orc priest.
The orc priest hits you with a +0 dagger.
The orc priest hits you but does no damage.
You barely miss the orc priest.
The orc priest calls down the wrath of Beogh upon you.
Beogh smites you!
You slash the orc priest!
The orc priest is almost dead.
The orc priest hits you but does no damage.
You slash the orc priest!
You kill the orc priest!
You have reached level 5!
You closely miss the orc. The orc hits you but does no damage.
The orc priest mumbles some strange prayers to Beogh against you.
Beogh smites you! The orc hits you but does no damage.
You block the orc priest's attack.
You hit the orc.
The orc is moderately wounded.
The orc priest hits you from afar with a +0 trident!
You die...

#.....#.......#
###.###.####...##
#...# #.# ##.##
#.#)###(#####.#
#.#........##.# #
#####.##.##.# #######
#.##.##)#######......
#.##.##.........#####
#.##@############
#.##o# #[##o# #.##.#
#.##.# #.# #.# #.#


You could see an orc priest and an orc.

Vanquished Creatures
  An orc priest (D:3)
  Ijyb (D:3)
  2 adders
  An ufetubus (D:2)
  A worm (D:2)
  A dart slug (D:1)
  2 orcs (D:3)
  5 ball pythons
  6 bats
  6 endoplasms
  A giant cockroach (D:1)
  2 goblins
  3 hobgoblins
  4 jackals (D:1)
  2 frilled lizards (D:1)
  6 kobolds
  3 rats
47 creatures vanquished.

Notes
Turn   | Place    | Note
-------+----------+-------------------------------------------
     0 | D:1      | qw the Gargoyle Fighter began the quest for the Orb.
     0 | D:1      | Reached XP level 1. HP: 14/14 MP: 1/1
     0 | D:1      | 0 ||| qw: Version: 0.3-a-41-g9d075ac
     0 | D:1      | 0 ||| qw: Game counter: 703
     0 | D:1      | 0 ||| qw: Melee chars always use a shield: true
     0 | D:1      | 0 ||| qw: God list: Okawaru
     0 | D:1      | 0 ||| qw: Allow faded altars: false
     0 | D:1      | 0 ||| qw: Do Orc after clearing Dungeon:15 true
     0 | D:1      | 0 ||| qw: Do second Lair branch before Depths: true
     0 | D:1      | 0 ||| qw: Lair rune preference: random
     0 | D:1      | 0 ||| qw: Goals: Normal, Zot:1-4, Slime:5, God:TSO, Crypt,
                  | Tomb, Abyss, Pan, Hells, Win
     0 | D:1      | 0 ||| PLANNING D:1-11
    96 | D:1      | 96 ||| Stepping ~*~*~tactically~*~*~ (stealth).
   141 | D:1      | Reached skill level 2 in Axes
   192 | D:1      | 192 ||| Stepping ~*~*~tactically~*~*~ (stealth).
   193 | D:1      | 193 ||| Stepping ~*~*~tactically~*~*~ (stealth).
   225 | D:1      | Reached XP level 2. HP: 17/19 MP: 2/2
   234 | D:1      | 234 ||| Stepping ~*~*~tactically~*~*~ (stealth).
   397 | D:1      | 397 ||| Stepping ~*~*~tactically~*~*~ (hiding).
   406 | D:1      | Reached skill level 3 in Axes
   649 | D:1      | Reached XP level 3. HP: 23/23 MP: 3/3
   865 | D:1      | 865 ||| READING scroll labelled CAIGHIT UNLY.
   866 | D:1      | 866 ||| READING 2 scrolls labelled SAEFUL ROKISE.
   867 | D:1      | 867 ||| READING scroll labelled CIEWNO PATUO.
   867 | D:1      | Identified a scroll of acquirement
   867 | D:1      | 867 ||| ACQUIRING +2 pair of gloves of stealth
   867 | D:1      | Acquired a +2 pair of gloves of stealth
   869 | D:1      | 869 ||| UPGRADING to +2 pair of gloves of stealth.
   874 | D:1      | 874 ||| READING scroll labelled HUSHRO RUCK.
  1116 | D:2      | 1116 ||| Stepping ~*~*~tactically~*~*~ (stealth).
  1117 | D:2      | 1117 ||| Stepping ~*~*~tactically~*~*~ (stealth).
  1118 | D:2      | 1118 ||| Stepping ~*~*~tactically~*~*~ (stealth).
  1119 | D:2      | 1119 ||| Stepping ~*~*~tactically~*~*~ (stealth).
  1121 | D:2      | 1121 ||| Stepping ~*~*~tactically~*~*~ (stealth).
  1126 | D:2      | 1126 ||| Stepping ~*~*~tactically~*~*~ (stealth).
  1703 | D:2      | 1703 ||| Stepping ~*~*~tactically~*~*~ (stealth).
  1704 | D:2      | 1704 ||| Stepping ~*~*~tactically~*~*~ (stealth).
  1706 | D:2      | 1706 ||| Stepping ~*~*~tactically~*~*~ (hiding).
  1713 | D:2      | Reached XP level 4. HP: 28/28 MP: 4/4
  1909 | D:2      | 1909 ||| READING scroll labelled GED NE USEH.
  1910 | D:2      | 1910 ||| READING scroll labelled FAGUGH MEAL.
  1911 | D:2      | 1911 ||| READING scroll labelled GUNNOD ZAWUMM.
  1912 | D:2      | 1912 ||| READING scroll labelled FYHICI CERUOTS.
  2062 | D:3      | 2062 ||| Stepping ~*~*~tactically~*~*~ (stealth).
  2066 | D:3      | 2066 ||| Stepping ~*~*~tactically~*~*~ (stealth).
  2072 | D:3      | Found Fetejima's Book Boutique.
  2104 | D:3      | 2104 ||| Stepping ~*~*~tactically~*~*~ (stealth).
  2114 | D:3      | Reached skill level 4 in Axes
  2118 | D:3      | Found Xurhivex's Armour Boutique.
  2126 | D:3      | 2126 ||| SHOPLISTING +0 chain mail (49 gold, have 28).
  2126 | D:3      | 2126 ||| SHOPLISTING +0 kite shield (49 gold, have 28).
  2126 | D:3      | 2126 ||| SHOPLISTING +0 plate armour (253 gold, have 28).
  2140 | D:3      | Noticed Ijyb
  2140 | D:3      | Paralysed by Ijyb for 2 turns
  2148 | D:3      | Paralysed by Ijyb for 3 turns
  2157 | D:3      | Killed Ijyb
  2197 | D:3      | Reached XP level 5. HP: 16/32 MP: 5/5
  2197 | D:3      | HP: 3/32 [orc priest/divine providence (13)]
  2198 | D:3      | Slain by an orc priest

Levels and vault maps discovered:
D:1:      dpeg_arrival_renting, layout_loops_ring
D:2:      layout_basic, chequers_mini_garden
D:3:      layout_loops_ring, serial_shops, shop, nicolae_book_shop_shelving,
          shop, minmay_ogre_servants, uniq_crazy_yiuf_cottage, uniq_ijyb

Skill      XL: |  1  2  3  4 |
---------------+-------------+-----
Axes           | 2 3 4 |  4.7
Fighting       | |  3.2
Armour         | |  3.2
Shields        | |  3.2

Action                     |  1- 3 |  4- 6 || total
---------------------------+-------+-------++-------
  Melee: War axe           |    97 |    36 ||   133
    Use: Scroll            |     4 |     4 ||     8
 Armour: Scale mail        |    51 |    18 ||    69
  Dodge: Dodged            |    42 |     8 ||    50
  Block: Buckler           |    30 |     5 ||    35

Table legend:
 A = Non-vault XP
 B = Vault XP
 C = Vault XP percentage of total XP
 D = Non-vault monster count
 E = Vault monster count
 F = Vault count percentage of total count
                 A         B        C        D         E       F
            +---------+---------+-------+---------+---------+-------
      Total |     152 |      36 |  19.1 |      46 |       1 |   2.1
            +---------+---------+-------+---------+---------+-------
        D:1 |      38 |       0 |   0.0 |      23 |       0 |   0.0
        D:2 |      45 |       0 |   0.0 |      14 |       0 |   0.0
        D:3 |      69 |      36 |  34.3 |       9 |       1 |  10.0
            +---------+---------+-------+---------+---------+-------
